 Dungeon Crawl Stone Soup version 0.31-a0-795-g5eb97db20b (webtiles) character file.

Game seed: 9872383797259690494

328 dohliylev the Ruffian (level 6, -1/57 HPs)
             Began as a Troll Warper on Sept 18, 2023.
             Slain by a wyvern (11 damage)
             ... on level 4 of the Dungeon.
             The game lasted 00:06:27 (2077 turns).

dohliylev the Ruffian (Troll Warper)                Turns: 2077, Time: 00:06:28

Health: -1/57      AC:  4    Str: 20    XL:     6   Next: 25%
Magic:  7/7        EV: 10    Int: 11    God:
Gold:   179        SH:  0    Dex:  9    Spells: 3/8 levels left

rFire   x .          .
                       - Unarmed
rCold   + + .        (no shield)
rNeg    . . .        a - +0 robe
rPois   .            (helmet restricted)
rElec   .            (no cloak)
rCorr   .            (gloves unavailable)
SInv    .            (boots unavailable)
Will    .....        o - amulet of regeneration
Stlth   +            h - ring of ice
HPRegen 1.89/turn    l - ring of protection from cold
MPRegen 0.10/turn

%: no passive effects
@: no status effects
A: large, unfitting armour, claws 3, regeneration 1, shaggy fur 1, tough skin 1
a: no special abilities


You were on level 4 of the Dungeon.
You visited 1 branch of the dungeon, and saw 4 of its levels.

You collected 179 gold pieces.

Inventory:

Missiles
 c - 7 darts of dispersal (quivered)
Armour
 a - a +0 robe (worn)
Jewellery
 h - a ring of ice (left claw)
 l - a ring of protection from cold (right claw)
 o - an amulet of regeneration (around neck)
Scrolls
 b - a scroll of blinking
 d - 3 scrolls of teleportation {unknown}
 f - 4 scrolls of identify {unknown}
 i - a scroll of acquirement {unknown}
 k - a scroll of immolation {unknown}
 p - a scroll of fog {unknown}
Potions
 e - a potion of brilliance {unknown}
 g - 3 potions of attraction {unknown}
 j - a potion of degeneration {unknown}
 m - a potion of haste {unknown}
 n - 2 potions of curing {unknown}


   Skills:
 + Level 2.2 Fighting
 + Level 0.8 Throwing
 + Level 3.1 Dodging
 + Level 4.9 Unarmed Combat
 + Level 1.6 Spellcasting
 + Level 2.6 Translocations


You had 3 spell levels left.
You knew the following spells:

 Your Spells              Type           Power      Damage    Failure   Level
a - Blink                 Tloc           12%        N/A       16%         2
b - Teleport Other        Tloc           6%         N/A       30%         3

Your spell library contained the following spells:

 Spells                   Type           Power      Damage    Failure   Level
 Lesser Beckoning         Tloc           12%        N/A       16%         2
 Inner Flame              Hex/Fire       0%         N/A       67%         3
 Stone Arrow              Conj/Erth      0%         3d7       67%         3
 Tukima's Dance           Hex            0%         N/A       67%         3
 Manifold Assault         Tloc           6%         N/A       71%         4
 Dimensional Bullseye     Hex/Tloc       1%         N/A       87%         4
 Iskenderun's Mystic Bla  Conj/Tloc      3%         2d3       87%         4
 Vhi's Electric Charge    Tloc/Air       6%         N/A       87%         4
 Animate Armour           Summ/Erth      0%         N/A       97%         4
 Flame Wave               Conj/Fire      0%         2d4       97%         4
 Sticky Flame             Conj/Fire      0%         2d3       97%         4
 Lehudib's Crystal Spear  Conj/Erth      0%         10d2      100%        8


Dungeon Overview and Level Annotations

Branches:
Dungeon (4/15)
 Temple: D:4-7

Altars:
Fedhas
Yredelemnul


Innate Abilities, Weirdness & Mutations

You are too large for most types of armour.
You have claws for hands.
Your natural rate of healing is unusually fast.
You are covered in fur. (AC +1)
You have tough skin. (AC +1)


Message History

The iguana bites you!
You claw the iguana!
You kill the iguana!
You now have 179 gold pieces (gained 14).
p - a scroll labelled DUOWUK NALARGHEDIN HP restored.
You pick up a book of Weapons and begin reading...
You add the spells Tukima's Dance, Dimensional Bullseye and Iskenderun's Mystic Blast to your library.
g - 3 fuming golden potions (gained 1)
A wyvern and a goblin come into view.
The wyvern hisses angrily.
The goblin shouts!
The wyvern moves out of view.
You hear a shout!
The wyvern hisses menacingly.
The wyvern barely misses you.
A kobold comes into view. It is wielding a +0 dagger.
You claw the wyvern!
The wyvern is moderately wounded.
The wyvern bites you. The wyvern completely misses you.
You scratch the wyvern.
The wyvern is moderately wounded.
The wyvern bites you!
You closely miss the wyvern.
The wyvern is moderately wounded.
The wyvern bites you!
You claw the wyvern!
The wyvern is severely wounded.
The wyvern bites you! x2
* * * LOW HITPOINT WARNING * * *
You barely miss the wyvern.
The wyvern is severely wounded.
The wyvern barely misses you.
You barely miss the wyvern.
The wyvern is severely wounded.
The wyvern closely misses you. The wyvern bites you!
* * * LOW HITPOINT WARNING * * *
You claw the wyvern!
The wyvern is almost dead.
The wyvern bites you!
You die...

##### .. ..... #.
...... .. ......###.
......#.. ....g...#
......Kg# ......#l# #
..... #@# ... .# ####
#.###.... #.#
#........ #.#
#..###### #.#
#.....## #.#
###....####.# ...
###.......## .⌠.##
#....#...#####
...#.######..#.......


You could see a wyvern, a goblin and a kobold.

Vanquished Creatures
  Sigmund (D:3)
  2 iguanas
  3 adders (D:2)
  2 worms (D:2)
  2 dart slugs (D:1)
  6 orcs
  8 endoplasms
  5 giant cockroaches
  5 goblins
  9 hobgoblins
  3 quokkas
  12 ball pythons
  7 bats
  3 frilled lizards
  4 kobolds
  5 rats
77 creatures vanquished.

Notes
Turn   | Place    | Note
-------+----------+-------------------------------------------
     0 | D:1      | dohliylev the Troll Warper began the quest for the Orb.
     0 | D:1      | Reached XP level 1. HP: 19/19 MP: 1/1
    72 | D:1      | Reached XP level 2. HP: 28/28 MP: 2/2
   348 | D:1      | Reached XP level 3. HP: 35/35 MP: 4/4
   726 | D:2      | Found a faded altar of an unknown god.
   785 | D:2      | Learned a level 2 spell: Blink
  1017 | D:2      | Reached skill level 3 in Unarmed Combat
  1034 | D:2      | Reached XP level 4. HP: 42/42 MP: 5/5
  1538 | D:3      | Reached XP level 5. HP: 49/49 MP: 6/6
  1542 | D:3      | Learned a level 3 spell: Teleport Other
  1614 | D:3      | Noticed Sigmund
  1638 | D:3      | Killed Sigmund
  1639 | D:3      | Reached skill level 4 in Unarmed Combat
  1639 | D:3      | Reached XP level 6. HP: 45/57 MP: 7/7
  1718 | D:3      | Found a basalt altar of Yredelemnul.
  1875 | D:3      | Found a blossoming altar of Fedhas.
  2067 | D:4      | Noticed a wyvern
  2077 | D:4      | Slain by a wyvern

Illustrated notes

Levels and vault maps discovered:
D:1:      psy_arrival_conway, layout_basic, chequers_avenue, dk_noncrumbling_4,
          nrook_campfire
D:2:      layout_basic, nicolae_ecumenical_snake_handling
D:3:      layout_rooms, mainiacjoe_overflow_brackets,
          mainiacjoe_overflow_surrounded_room, uniq_sigmund
D:4:      layout_rooms, minmay_temple_entry_nine_rooms,
          dilly_guarded_unrand_morg, uniq_natasha

Skill      XL: |  1  2  3  4  5 |
---------------+----------------+-----
Dodging        | 2 3 |  3.1
Fighting       | 2 |  2.2
Unarmed Combat | 3 4 |  4.9
Throwing       | |  0.8
Spellcasting   | |  1.6
Translocations | |  2.6

Action                     |  1- 3 |  4- 6 || total
---------------------------+-------+-------++-------
  Melee: Unarmed           |   117 |    87 ||   204
         Punch             |     2 |       ||     2
   Cast: Blink             |     2 |     1 ||     3
   Stab: Sleeping          |     3 |       ||     3
 Armour: Robe              |    66 |    71 ||   137
  Dodge: Dodged            |    66 |    38 ||   104

Table legend: (Time is in decaauts)
 A = Elapsed time spent in this place.
 B = Non-inter-level travel time spent in this place.
 C = Inter-level travel time spent in this place.
 D = Time resting spent in this place.
 E = Time spent auto-exploring this place.
 F = Levels seen in this place.
 G = Mean time per level.
                   A        B        C        D        E       F      G
               +--------+--------+--------+--------+--------+-----+--------+
         Total |   2064 |   1999 |     65 |     41 |   1213 |   4 |  516.0 |
       Dungeon |   2064 |   1999 |     65 |     41 |   1213 |   4 |  516.0 |
               +--------+--------+--------+--------+--------+-----+--------+

Top non-repeatable levels by time:
     D:1: 723 daAuts
     D:2: 660 daAuts
     D:3: 553 daAuts
     D:4: 127 daAuts
